 Dungeon Crawl Stone Soup version 0.31-a0-177-g4aa6249778 (webtiles) character file.

Game seed: 11469712939036616900

0 mopl the Trooper (level 1, -3/18 HPs)
             Began as a Demonspawn Fighter on June 18, 2023.
             Slain by a kobold
             ... wielding a +0 short sword of electrocution
              (14 damage)
             ... on level 1 of the Dungeon.
             The game lasted 00:00:14 (63 turns).

mopl the Trooper (Demonspawn Fighter)                 Turns: 63, Time: 00:00:15

Health: -3/18      AC:  6    Str: 16    XL:     1   Next: 8%
Magic:  1/1        EV:  8    Int: 15    God:
Gold:   0          SH:  4    Dex: 12    Spells: 0/0 levels left

rFire   . . .        a - +0 war axe
rCold   . . .        c - +0 buckler
rNeg    . . .        b - +0 scale mail
rPois   .            (no helmet)
rElec   .            (no cloak)
rCorr   .            (no gloves)
SInv    .            (no boots)
Will    .....        (no amulet) Stlth
                     e - +6 ring of intelligence
HPRegen 0.23/turn    (no ring)
MPRegen 0.07/turn

%: no passive effects
@: no status effects
A: no striking features
a: no special abilities


You were on level 1 of the Dungeon.
You visited 1 branch of the dungeon, and saw 1 of its levels.

Inventory:

Hand Weapons
 a - a +0 war axe (weapon)
Armour
 b - a +0 scale mail (worn)
 c - a +0 buckler (worn)
Jewellery
 e - a +6 ring of intelligence (left hand)
Scrolls
 f - 2 scrolls of teleportation {unknown}
Potions
 d - a potion of might


   Skills:
 + Level 3.0 Fighting
 * Level 1.8 Axes
 + Level 2.7 Armour
 + Level 0.0 Dodging
 - Level 2.6 Shields


You couldn't memorise any spells.
You didn't know any spells.
Your spell library contained the following spells:

 Spells                   Type           Power      Damage    Failure   Level
 Frozen Ramparts          Ice            0%         1d1       98%         3
 Ice Form                 Ice/Tmut       0%         N/A       100%        4
 Summon Ice Beast         Ice/Summ       0%         N/A       100%        4


Dungeon Overview and Level Annotations

Branches:
Dungeon (1/15)

Altars:


Message History

No target in view!
No target in view!
No target in view!
No target in view!
No target in view!
No target in view!
No target in view!
You pick up a book of Rime and begin reading...
You add the spells Frozen Ramparts, Ice Form and Summon Ice Beast to your library.
e - a +6 ring of intelligence You feel clever.
e - a +6 ring of intelligence (left hand)
Found an escape hatch in the floor.
f - 2 scrolls labelled LUEN ZETATEN
Found 5 stones.
A quokka comes into view.
Found 4 poisoned darts.
The quokka moves out of view.
A hobgoblin and a kobold come into view.
The kobold is wielding a +0 short sword of electrocution.
The hobgoblin shouts!
The kobold shouts!
You hear a shout!
A rat comes into view.
There are monsters nearby!
You closely miss the quokka. The quokka bites you.
You block the quokka's attack.
You closely miss the quokka.
The quokka bites you but does no damage. x2
You hit the hobgoblin but do no damage. You closely miss the kobold.
You closely miss the quokka. The hobgoblin closely misses you.
You block the kobold's attack.
The quokka bites you but does no damage.
The hobgoblin barely misses you. The kobold barely misses you.
The quokka bites you.
You slash the hobgoblin!
You kill the hobgoblin!
You completely miss the quokka. You hit the kobold but do no damage.
The quokka bites you.
The kobold hits you with a +0 short sword of electrocution.
You are electrocuted!
Ouch! That really hurt!
You die...

#.......#. #....>....
#.#. ###..####.## .
#.#.# #.........# ..
#...# ###..########..#
+...+ #..†...# #....
#...# ###..#.# ...#
#...#### #..#.##r[.#.##
#...#..###..#..@r.....#
+...'.<#....#...K......
#...#..#.#...#.......#.
###'#####.#..##.........
#.#..# #.##..#.(...##..
.#...# #.##.#.#.#...( .
#.##.####.##.#.#.#####.
#.##................
#.######...........#


You could see a quokka, a kobold and a rat.

Vanquished Creatures
  A hobgoblin (D:1)
  A bat (D:1)
2 creatures vanquished.

Notes
Turn   | Place    | Note
-------+----------+-------------------------------------------
     0 | D:1      | mopl the Demonspawn Fighter began the quest for the Orb.
     0 | D:1      | Reached XP level 1. HP: 18/18 MP: 1/1
    63 | D:1      | Slain by a kobold

Illustrated notes

Levels and vault maps discovered:
D:1:      dpeg_arrival_prison, layout_loops_ring, serial_shops, shop,
          minmay_pentomino_z2

Action                     || total
---------------------------++-------
  Melee: War axe           ||     5
 Armour: Scale mail        ||     3
  Dodge: Dodged            ||     4
  Block: Buckler           ||     2

Table legend: (Time is in decaauts)
 A = Elapsed time spent in this place.
 B = Non-inter-level travel time spent in this place.
 C = Inter-level travel time spent in this place.
 D = Time resting spent in this place.
 E = Time spent auto-exploring this place.
 F = Levels seen in this place.
 G = Mean time per level.
                   A        B        C        D        E       F      G
               +--------+--------+--------+--------+--------+-----+--------+
         Total |     64 |     64 |      0 |      0 |     45 |   1 |   64.0 |
       Dungeon |     64 |     64 |      0 |      0 |     45 |   1 |   64.0 |
               +--------+--------+--------+--------+--------+-----+--------+

Top non-repeatable levels by time:
     D:1: 64 daAuts
